 Dungeon Crawl Stone Soup version 0.25-a0-420-g1cc7eeb0d1 (webtiles) character file.

Game seed: 18132634630685160349, levelgen mode: deterministic

6931 Borgoz the Carver (level 11, -1/68 HPs)
             Began as a Gargoyle Berserker on Jan 19, 2020.
             Was a High Priest of Trog.
             Killed by divine providence
             ... invoked by an orc priest
              (14 damage)
             ... on level 8 of the Dungeon.
             The game lasted 00:14:41 (7790 turns).

Borgoz the Carver (Gargoyle Berserker)              Turns: 7790, Time: 00:14:42

Health: -1/68      AC: 26    Str: 26    XL:     11   Next: 7%
Magic:  11/11      EV: 10    Int:  8    God:    Trog [*****.]
Gold:   331        SH:  0    Dex: 10    Spells: 10/10 levels left

rFire    . . .     SeeInvis +   B - +3 great sword
rCold    . . .     Gourm    +   (shield currently unavailable)
rNeg     + . .     Faith    .   D - +0 plate armour {MR+}
rPois    ∞         Spirit   .   f - +1 helmet
rElec    +         Reflect  .   m - +0 cloak
rCorr    .         Harm     .   (no gloves)
MR       +....                  t - +0 pair of boots (curse)
Stlth    ..........             C - amulet of the gourmand
HPRegen  0.21/turn              u - ring of see invisible
MPRegen  0.12/turn              n - +3 ring of strength

@: berserk cooldown, slowed, very slow
A: negative energy resistance 1, electricity resistance, unbreathing,
petrification resistance, rot immunity, AC +8
a: Berserk, Trog's Hand, Brothers in Arms, Renounce Religion


You were on level 8 of the Dungeon.
You worshipped Trog.
Trog was extremely pleased with you.
You were very hungry.

You visited 1 branch of the dungeon, and saw 8 of its levels.
You also visited: Ossuary.

You collected 331 gold pieces.

Inventory:

Hand Weapons
 a - a +0 falchion
 B - a +3 great sword (weapon)
Armour
 f - a +1 helmet (worn)
 m - a +0 cloak (worn)
 t - a cursed +0 pair of boots (worn)
 w - a +1 scale mail of fire resistance
 D - a +0 plate armour of magic resistance (worn)
Jewellery
 g - an uncursed amulet of regeneration
 i - an uncursed ring of positive energy
 n - a +3 ring of strength (right hand)
 o - an uncursed ring of protection from fire
 u - a ring of see invisible (left hand)
 C - an amulet of the gourmand (around neck)
Wands
 z - a wand of acid (6)
Scrolls
 b - a scroll of enchant armour
 e - 4 scrolls of magic mapping
 k - 7 scrolls of remove curse
 p - a scroll of teleportation
 v - a scroll of immolation {unknown}
 y - 2 scrolls of blinking {unknown}
Potions
 d - 2 potions of lignification {unknown}
 h - a potion of ambrosia {unknown}
 j - 5 potions of curing {unknown}
 l - 5 potions of berserk rage
 q - 2 potions of degeneration {unknown}
 r - a potion of flight {unknown}
 x - 2 potions of agility
 A - 3 potions of heal wounds
Comestibles
 c - 8 rations
 s - a chunk of flesh


   Skills:
 + Level 8.2 Fighting
 * Level 9.3 Long Blades
 + Level 7.7 Armour
 * Level 8.3 Dodging


You had 10 spell levels left.
You didn't know any spells.
Your spell library was empty.

Dungeon Overview and Level Annotations

Branches:
Dungeon (8/15)             Temple (0/1) D:4            Lair (0/6) D:8
Ossuary (visited)

Altars:
Cheibriados
Dithmenos
Hepliaklqana
Makhleb
Nemelex Xobeh
Sif Muna
Trog
Uskayaw
Xom
Yredelemnul


Innate Abilities, Weirdness & Mutations

You are resistant to torment.
Your stone body is resilient. (AC +8)
You are immune to poison.
You resist negative energy. (rN+)
You are resistant to electric shocks. (rElec)
You can survive without breathing.
You are immune to petrification.
You are immune to rotting.


Message History

The orc shouts!
The porcupine closely misses you. The orc barely misses you.
You riposte.
You barely miss the orc.
The porcupine bites you but does no damage.
An orc wizard comes into view. It is wielding a +0 dagger.
You closely miss the porcupine.
The orc wizard shouts!
The porcupine closely misses you.
The howler monkey hoots and howls with incredible vigour!
The orc hits you but does no damage.
The orc priest mumbles some strange prayers to Beogh against you.
Beogh smites you!
* * * LOW HITPOINT WARNING * * *
The porcupine bites you.
* * * LOW HITPOINT WARNING * * *
The scorpion stings the plant but does no damage.
The orc hits you but does no damage.
The orc priest mumbles some strange prayers to Beogh against you.
Beogh smites you!
You die...

#.#.....P# #.#
#...P....###.#
##..........#.#
#.....P....P..#
##.............#
#...P....P.P..P#
##....)....P.P....
.#..P.)r.P....P...#
#......P@.P.....P.P
###..P..Po..P...
#...P.oPshP....
#$.P..P..P..PP..
#.#...PPooP.....
#.#.........P.P.
##..P.Po.P..PP
#.P....Po..P.


You could see a scorpion, a howler monkey, a porcupine, 2 orc priests, 2 orc
wizards and 2 orcs.

Vanquished Creatures
  An unseen horror (D:8)
  An ugly thing (D:7)
  A komodo dragon (D:7)
  2 hippogriffs
  A human (D:2)
  4 hungry ghosts
  A water moccasin (D:7)
  3 porcupines (D:8)
  2 orc warriors
  A hornet zombie (D:7)
  2 ice beasts (D:5)
  7 black bears
  A necrophage (D:7)
  A phantom (D:5)
  A sky beast (D:4)
  An ogre (D:6)
  A crocodile (D:6)
  3 centaurs
  4 bullfrogs
  A big kobold (D:7)
  3 water moccasin zombies (Ossuary)
  5 scorpions
  A water moccasin skeleton (D:7)
  2 centaur zombies
  2 crimson imps
  2 jellies (D:5)
  4 orc priests
  4 hounds
  8 orc wizards
  A bullfrog skeleton (D:7)
  4 centaur skeletons
  3 iguanas
  7 worker ants
  3 big kobold zombies (Ossuary)
  A hound skeleton (D:5)
  2 mummies (Ossuary)
  2 worker ant zombies (D:7)
  11 gnolls
  A howler monkey skeleton (D:8)
  14 adders
  3 shadow imps
  7 adder zombies
  3 oozes
  2 worms
  3 leopard geckos
  31 orcs
  4 bats
  6 giant cockroaches
  2 gnoll zombies (Ossuary)
  2 goblins (D:2)
  11 hobgoblins
  6 jackals
  6 quokkas
  4 frilled lizards
  4 hobgoblin zombies (Ossuary)
  13 kobolds
  6 kobold zombies (Ossuary)
  3 orc zombies (Ossuary)
  6 rats
241 creatures vanquished.

Vanquished Creatures (others)
  46 fungi (D:8)
  20 plants (D:8)
66 creatures vanquished.

Grand Total: 307 creatures vanquished

Notes
Turn   | Place    | Note
-------+----------+-------------------------------------------
     0 | D:1      | Borgoz the Gargoyle Berserker began the quest for the Orb.
     0 | D:1      | Reached XP level 1. HP: 14/14 MP: 1/1
   285 | D:1      | Reached XP level 2. HP: 15/19 MP: 2/2
   928 | D:1      | Reached skill level 3 in Long Blades
  1453 | D:2      | Reached XP level 3. HP: 16/23 MP: 3/3
  1613 | D:2      | You fall into a shaft and drop 2 floors!
  1796 | D:3      | Reached XP level 4. HP: 20/29 MP: 4/4
  1956 | D:3      | Reached ** piety under Trog
  2101 | D:2      | Found a runed translucent door.
  2101 | D:2      | Noticed a human
  2105 | D:2      | Found a basalt altar of Yredelemnul.
  2144 | D:2      | Killed a human
  2144 | D:2      | Reached skill level 4 in Long Blades
  2144 | D:2      | Reached XP level 5. HP: 25/33 MP: 5/5
  2269 | D:2      | Reached XP level 6. HP: 38/38 MP: 6/6
  2775 | D:3      | Found a hazy altar of Hepliaklqana.
  2776 | D:3      | Found a sparkling altar of Nemelex Xobeh.
  2777 | D:3      | Found a bloodstained altar of Trog.
  2910 | D:4      | Reached XP level 7. HP: 19/44 MP: 7/7
  2978 | D:4      | Found a staircase to the Ecumenical Temple.
  3225 | D:4      | You fall into a shaft and drop 2 floors!
  3236 | D:6      | Reached *** piety under Trog
  3353 | D:6      | Reached skill level 5 in Long Blades
  3355 | D:6      | Reached skill level 5 in Fighting
  3386 | D:6      | Found a sand-covered staircase.
  3392 | Ossuary  | Entered an ossuary
  3786 | Ossuary  | Reached XP level 8. HP: 32/49 MP: 8/8
  4069 | D:6      | Reached **** piety under Trog
  4118 | D:6      | Reached skill level 5 in Dodging
  4194 | D:6      | Reached skill level 6 in Long Blades
  4194 | D:6      | Reached skill level 5 in Armour
  4284 | D:5      | Entered Level 5 of the Dungeon
  4319 | D:5      | Reached XP level 9. HP: 45/55 MP: 9/9
  4730 | D:5      | Found a shadowy altar of Dithmenos.
  5024 | D:5      | Reached skill level 7 in Long Blades
  5606 | D:6      | Reached ***** piety under Trog
  5606 | D:6      | Received a gift from Trog
  5827 | D:6      | Found a burning altar of Makhleb.
  5827 | D:6      | Found a shimmering blue altar of Sif Muna.
  5828 | D:6      | Found a shimmering altar of Xom.
  5829 | D:6      | Found a snail-covered altar of Cheibriados.
  5830 | D:6      | Found a hide-covered altar of Uskayaw.
  6131 | D:7      | Reached XP level 10. HP: 60/63 MP: 10/10
  6194 | D:7      | Noticed a green ugly thing
  6214 | D:7      | Killed a green ugly thing
  6214 | D:7      | Reached skill level 8 in Long Blades
  7380 | D:8      | Received a gift from Trog
  7395 | D:8      | Noticed an unseen horror
  7523 | D:8      | Killed an unseen horror
  7523 | D:8      | Reached skill level 9 in Long Blades
  7744 | D:8      | Reached XP level 11. HP: 66/68 MP: 11/11
  7773 | D:8      | Found a staircase to the Lair.
  7790 | D:8      | Killed from afar by an orc priest

Levels and vault maps discovered:
D:1:      dpeg_arrival_boxorama, layout_loops_corners, minmay_hedge_maze
D:2:      layout_basic, minmay_misc_feat_rows, st_stairs_7,
          dk_yredelemnul_ordeal
D:3:      layout_basic, minitemple
D:4:      layout_rooms, minmay_temple_entry_hall
D:5:      layout_basic, nicolae_dithmenos_the_darkroom, first_ration,
          minmay_misc_feat_plants, minivault_1, kennysheep_generic_room_5
D:6:      layout_gridville, grunt_temple_overflow_open,
          nicolae_ossuary_entry_plus
D:7:      minmay_the_grid_triangle_9x9_recursive_2
          [minmay_the_grid_triangle_9x9_prize_center,
          minmay_the_grid_triangle_9x9_windchime,
          minmay_the_grid_triangle_9x9_stretched_checkered,
          minmay_the_grid_triangle_9x9_thin_v], layout_gridville
D:8:      layout_loops_ring, due_lair_maze_entry_diamond

Skill      XL: |  1  2  3  4  5  6  7  8  9 10 |
---------------+-------------------------------+-----
Dodging        | 2 3 4 5 6 8 |  8.3
Long Blades    | 3 4 5 6 7 9 |  9.3
Fighting       | 4 5 6 7 8 |  8.2
Armour         | 3 4 5 6 7 |  7.7

Action                   |  1- 3 |  4- 6 |  7- 9 | 10-12 || total
-------------------------+-------+-------+-------+-------++-------
Melee: Falchion          |    98 |   114 |   627 |   422 ||  1261
       Great sword       |       |       |       |    22 ||    22
Invok: Berserk           |       |     1 |     7 |     3 ||    11
       Trog's Hand       |       |       |     2 |     1 ||     3
  Use: Scroll            |       |       |    13 |     1 ||    14
       Potion            |       |       |     1 |       ||     1
 Stab: Sleeping          |     2 |       |       |       ||     2
  Eat: Chunk             |     3 |     3 |    43 |    29 ||    78
       Ration            |       |       |     2 |     2 ||     4
Armor: Animal skin       |    36 |     4 |       |       ||    40
       Ring mail         |       |    69 |     2 |       ||    71
       Scale mail        |       |       |   244 |       ||   244
       Plate armour      |       |       |   184 |   434 ||   618
Dodge: Dodged            |    75 |    90 |   400 |   293 ||   858
       Rpst.: Falchion   |    17 |    32 |   141 |    81 ||   271
       Great sword       |       |       |       |     2 ||     2

Table legend:
 A = Non-vault XP
 B = Vault XP
 C = Vault XP percentage of total XP
 D = Non-vault monster count
 E = Vault monster count
 F = Vault count percentage of total count
                 A         B        C        D         E       F
            +---------+---------+-------+---------+---------+-------
      Total |    6907 |    2995 |  30.2 |     185 |      56 |  23.2
            +---------+---------+-------+---------+---------+-------
        D:1 |      31 |       0 |   0.0 |      18 |       0 |   0.0
        D:2 |      53 |     231 |  81.3 |      16 |       3 |  15.8
        D:3 |      54 |       0 |   0.0 |      14 |       0 |   0.0
        D:4 |     575 |       0 |   0.0 |      22 |       0 |   0.0
        D:5 |     947 |      24 |   2.5 |      30 |       2 |   6.2
        D:6 |    1730 |       0 |   0.0 |      31 |       0 |   0.0
        D:7 |    1862 |    1563 |  45.6 |      35 |      16 |  31.4
        D:8 |    1655 |     783 |  32.1 |      19 |       6 |  24.0
    Ossuary |       0 |     394 | 100.0 |       0 |      29 | 100.0
            +---------+---------+-------+---------+---------+-------
